 Dungeon Crawl Stone Soup version 0.31-a0-18-gea43df2a32 (webtiles) character file.

Game seed: 12502403367756468696

99 CowFu the Magician (level 5, -4/39 HPs)
             Began as a Djinni Hedge Wizard on May 10, 2023.
             Was a Believer of Jiyva.
             Killed by divine providence
             ... invoked by an orc priest
              (12 damage)
             ... on level 3 of the Dungeon.
             The game lasted 00:03:31 (2035 turns).

CowFu the Magician (Djinni Hedge Wizard)            Turns: 2035, Time: 00:03:32

Health: -4/39      AC:  3    Str:  9    XL:     5   Next: 2%
Gold:   132        EV: 12    Int: 18    God:    Jiyva [**....] SH:  0 Dex: 12

rFire   + + +        a - +3 trident
rCold   x . .        (no shield)
rNeg    + . .        b - +0 robe
rPois   ∞            c - +0 hat
rElec   .            (no cloak)
rCorr   +            g - +0 pair of gloves "Xam Ynekh" {rF++ rN+ rCorr}
SInv    .            (boots unavailable)
Will    .....        (no amulet)
Stlth   ++           (no ring)
HPRegen 1.22/turn    (no ring)
MPRegen 0.00/turn

%: infuse magic (-5 HP)
@: flying
A: sickness immunity, fire resistance 2, cold vulnerability 1, float, innate
caster, HP casting, extra vitality 1
a: Renounce Religion


You were on level 3 of the Dungeon.
You worshipped Jiyva.
Jiyva was pleased with you.
You visited 1 branch of the dungeon, and saw 3 of its levels.

You collected 132 gold pieces.

Inventory:

Hand Weapons
 a - a +3 trident (weapon)
 m - a +0 short sword of speed
Armour
 b - a +0 robe (worn)
 c - a +0 hat (worn)
 g - the +0 pair of gloves "Xam Ynekh" (worn) {rF++ rN+ rCorr}
   (You found it on level 2 of the Dungeon)

   rF:        It greatly protects you from fire.
   rN:        It protects you from negative energy.
   rCorr:     It protects you from acid and corrosion.
Scrolls
 h - a scroll of teleportation {unknown}
 i - a scroll of torment {unknown}
 j - a scroll of identify {unknown}
 n - a scroll of enchant weapon {unknown}
Potions
 d - 3 potions of curing {unknown}
 e - a potion of magic {unknown}
 f - a potion of heal wounds {unknown}
 k - a potion of mutation {unknown}
 l - a potion of berserk rage {unknown}


   Skills:
 + Level 2.6 Fighting
 - Level 2.3 Dodging
 - Level 1.7 Stealth
 + Level 3.3 Spellcasting


You knew the following spells:

 Your Spells              Type           Power      Damage    Failure   Level
a - Magic Dart            Conj           60%        1d6       4%          1
b - Slow                  Hex            60%        N/A       4%          1
c - Blink                 Tloc           30%        N/A       6%          2
d - Call Imp              Summ           30%        N/A       6%          2
e - Mephitic Cloud        Conj/Pois/Air  15%        N/A       12%         3
f - Apportation           Tloc           30%        N/A       4%          1
g - Passwall              Tmut/Erth      12%        N/A       6%          2
Your spell library was empty.

Dungeon Overview and Level Annotations

Branches:
Dungeon (3/15)

Altars:
Jiyva


Innate Abilities, Weirdness & Mutations

You are immune to sickness and miasma.
You are immune to poison.
Your flesh is very heat resistant. (rF++)
You are vulnerable to cold. (rC-)
You float through the air rather than walking.
You learn spells naturally, not from books.
Your magical power is your life essence.
You have superior vitality. (+4 MHP)


Message History

The orc priest calls down the wrath of Beogh upon you.
Beogh smites you!
The orc wizard hits you with a +2 dagger of holy wrath.
You bump into the rock wall.
The orc wizard casts a spell at you. The magic dart hits you.
The orc priest begins to cast a cantrip, but forgets the words!
There is an open door here.
The orc wizard attacks as you move away!
The orc wizard hits you with a +2 dagger of holy wrath.
The orc priest mumbles some strange prayers to Beogh against you.
Beogh smites you!
* * * LOW HITPOINT WARNING * * *
You're too confused to cast spells.
You're too confused to cast spells.
You bump into the rock wall.
You feel less confused.
The orc wizard gestures at you while chanting.
The puff of flame misses you.
Okay, then.
The orc priest looks encouraged for a moment.
Casting: Magic Dart (safe; 4% risk of failure)
Confirm with . or Enter, or press ? or * to list all spells.
A tiny devil pulls itself out of the air.
* * * LOW HITPOINT WARNING * * *
You hear a slurping noise.
The orc wizard hits you but does no damage.
The ball python attacks as you move away!
The ball python barely misses you.
The orc wizard attacks as you move away!
The orc wizard closely misses you.
The orc wizard attacks as you move away!
The orc wizard hits you with a +2 dagger of holy wrath.
* * * LOW HITPOINT WARNING * * *
The orc wizard gestures at you while chanting.
The puff of flame hits you. You resist.
* * * LOW HITPOINT WARNING * * *
The orc priest invokes the aid of Beogh against you.
Beogh smites you!
You die...

#...# .. ... #.# #o# #.#
#o# #.# ##o## #.# ##...##
##.### ##o.5..## #....##
##.S...<.#
######.....####.@.......#
.........>...='.........+
########...#####...######
##.## #☼§☼# #...# #§☼§#
#...# #§§.# #...# #...#
#.... ..... #....§ ....§


You could see an orc priest, an orc wizard (ally target), an orc, a ball python
and a friendly cerulean imp (summoned).

Vanquished Creatures
  3 adders
  2 dart slugs
  5 orcs (D:3)
  3 endoplasms
  2 giant cockroaches (D:2)
  4 goblins
  6 hobgoblins
  2 quokkas
  3 ball pythons
  11 bats
  3 frilled lizards
  3 kobolds
  4 rats
51 creatures vanquished.

Vanquished Creatures (collateral kills)
  An adder (D:2)
  A ball python (D:2)
  A frilled lizard (D:2)
3 creatures vanquished.

Vanquished Creatures (others)
  A jelly (D:3)
  A ball python (D:3)
  An endoplasm (D:3)
  A hobgoblin (D:3)
4 creatures vanquished.

Grand Total: 58 creatures vanquished

Notes
Turn   | Place    | Note
-------+----------+-------------------------------------------
     0 | D:1      | CowFu the Djinni Hedge Wizard began the quest for the Orb.
     0 | D:1      | CowFu set off with the following spells memorised: Magic
                  | Dart, Slow, Blink, Call Imp, Mephitic Cloud.
     0 | D:1      | Reached XP level 1. HP: 15/15 MP: 0/0
    57 | D:1      | Reached XP level 2. HP: 17/21 MP: 0/0
   296 | D:1      | Reached skill level 1 in Fighting
   429 | D:1      | Reached XP level 3. HP: 25/27 MP: 0/0
   429 | D:1      | Learned a level 1 spell: Apportation
   636 | D:2      | Reached skill level 3 in Spellcasting
   645 | D:2      | Reached XP level 4. HP: 8/33 MP: 0/0
   841 | D:2      | Identified the +0 pair of gloves "Xam Ynekh" {rF++ rN+
                  | rCorr}
   959 | D:2      | Found a faded altar of an unknown god.
  1149 | D:2      | Prayed at the altar of an unknown god.
  1149 | D:2      | Became a worshipper of Jiyva Jeckekku the Shapeless
  1149 | D:2      | Reached * piety under Jiyva
  1657 | D:3      | Reached ** piety under Jiyva
  1860 | D:3      | Reached XP level 5. HP: 39/39 MP: 0/0
  1860 | D:3      | Learned a level 2 spell: Passwall
  2035 | D:3      | Killed from afar by an orc priest

Illustrated notes

Levels and vault maps discovered:
D:1:      elethiomel_arrival_quiet, layout_rooms
D:2:      layout_basic, dreamdust_ecumenical_altar_sealed_demon,
          minmay_fractal_squares_5
D:3:      layout_loops_corners, vehumet_crystals, kennysheep_donut,
          lemuel_flame_loot_1, uniq_jessica

Skill      XL: |  1  2  3  4 |
---------------+-------------+-----
Fighting       | 1 2 |  2.6
Spellcasting   | 3 |  3.3
Dodging        | |  2.3
Stealth        | |  1.7

Action                     |  1- 3 |  4- 6 || total
---------------------------+-------+-------++-------
  Melee: Dagger            |     3 |       ||     3
         Trident           |       |     5 ||     5
   Cast: Magic Dart        |    60 |    74 ||   134
         Call Imp          |     1 |     1 ||     2
 Armour: Robe              |    12 |     3 ||    15
  Dodge: Dodged            |    12 |    19 ||    31

Table legend: (Time is in decaauts)
 A = Elapsed time spent in this place.
 B = Non-inter-level travel time spent in this place.
 C = Inter-level travel time spent in this place.
 D = Time resting spent in this place.
 E = Time spent auto-exploring this place.
 F = Levels seen in this place.
 G = Mean time per level.
                   A        B        C        D        E       F      G
               +--------+--------+--------+--------+--------+-----+--------+
         Total |   2035 |   2002 |     33 |    100 |   1563 |   3 |  678.3 |
       Dungeon |   2035 |   2002 |     33 |    100 |   1563 |   3 |  678.3 |
               +--------+--------+--------+--------+--------+-----+--------+

Top non-repeatable levels by time:
     D:2: 1027 daAuts
     D:1: 601 daAuts
     D:3: 407 daAuts
